 Dungeon Crawl Stone Soup version 0.31-a0-1300-gb6740aa4e6 (webtiles) character file.

Game seed: 28438028051937919

1442 LeprechaunX the Changeling (level 8, -7/51 (54) HPs)
             Began as an Octopode Shapeshifter on Dec 19, 2023.
             Was an Initiate of Ashenzari.
             Mangled by a wight
             ... wielding a +4 great sword of freezing
              (20 damage)
             ... on level 6 of the Dungeon.
             The game lasted 00:05:19 (4978 turns).

LeprechaunX the Changeling (Octopode Shapeshifter)  Turns: 4978, Time: 00:05:19

HP:   -7/51 (54)    AC:  1    Str: 13    XL:     8   Next: 74%
MP:   11/11         EV: 13    Int: 12    God:    Ashenzari [......]
Gold: 433           SH:  0    Dex: 14    Spells: 11/11 levels left

rFire   . .          .
                       - Unarmed
rCold   . . .        (no shield)
rNeg    . . .        (helmet currently unavailable)
rPois   .            n - amulet "Overhang to Understand" {Acrobat, Self, Dev} (curse)
rElec   .            (no ring)
rCorr   .            (no ring)
SInv    .            (no ring)
Will    .....        (no ring)
Stlth   ++           (no ring)
HPRegen 0.28/turn    (no ring)
MPRegen 0.12/turn    (no ring)
                     (no ring)

%: acrobat
@: beast-form, drained
A: beast (slay +4), almost no armour, amphibious, 8 rings, camouflage 1,
gelatinous body 1, (nimble swimmer 1), tentacles
a: Begin Untransformation, Renounce Religion, Curse Item, Shatter the Chains


You were on level 6 of the Dungeon.
You worshipped Ashenzari.
Ashenzari was noncommittal.
You were a hulking beast.
You visited 2 branches of the dungeon, and saw 7 of its levels.

You collected 433 gold pieces.

Inventory:

Hand Weapons
 a - a +0 sling
Missiles
 e - 3 throwing nets
 o - 4 curare-tipped darts
 q - 11 boomerangs
 y - 2 datura-tipped darts
Jewellery
 d - an amulet of magic regeneration
 n - the cursed amulet "Overhang to Understand" (around mantle) {Acrobat, Self, Dev}
   (You found it on level 2 of the Dungeon)

   [amulet of the acrobat]

   Acrobat:   It increases your evasion while moving and waiting.
   It has a curse which improves the following skills: Introspection: Fighting
   and Spellcasting.
   Devices:   Evocations and Shapeshifting.
 B - an amulet of reflection
Talismans
 b - a beast talisman
 c - a flux talisman
Wands
 u - a wand of mindburst (4)
 w - a wand of flame (10)
 x - a wand of polymorph (2)
Scrolls
 g - a scroll of immolation {unknown}
 h - 2 scrolls of revelation {unknown}
 i - 2 scrolls of noise {unknown}
 j - a scroll of poison {unknown}
 k - 3 scrolls of fog {unknown}
 l - a scroll of teleportation {unknown}
 m - 3 scrolls of identify {unknown}
 t - a scroll of amnesia {unknown}
 v - 2 scrolls of blinking {unknown}
Potions
 f - 3 potions of curing {unknown}
 p - 2 potions of lignification
 r - a potion of berserk rage {unknown}
 s - 2 potions of degeneration {unknown}
 z - a potion of invisibility {unknown}
 A - a potion of cancellation {unknown}


   Skills:
 + Level 4.4(4.8) Fighting
 - Level 3.0 Throwing
 - Level 2.0 Dodging
 + Level 5.3 Unarmed Combat
 + Level 2.1(2.4) Spellcasting
 + Level 3.1(3.5) Evocations
 * Level 6.6(7.1) Shapeshifting


You had 11 spell levels left.
You didn't know any spells.
Your spell library contained the following spells:

 Spells                   Type           Power      Damage    Failure   Level
 Sandblast                Erth           2%         2d4       26%         1
 Passwall                 Tmut/Erth      0%         N/A       36%         2
 Stone Arrow              Conj/Erth      2%         3d7       61%         3
 Tukima's Dance           Hex            1%         N/A       61%         3
 Brom's Barrelling Bould  Conj/Erth      1%         2d3       95%         4
 Passage of Golubria      Tloc           1%         N/A       95%         4
 Yara's Violent Unravell  Hex/Tmut       0%         3d3       100%        5
 Conjure Ball Lightning   Conj/Air       0%         3x3d6     100%        6
 Discord                  Hex            0%         N/A       100%        8
 Disjunction              Tloc           0%         N/A       100%        8


Dungeon Overview and Level Annotations

Branches:
Dungeon (6/15)             Temple (1/1) D:4

Altars:
Ashenzari
Cheibriados
Elyvilon
Fedhas
Gozag
Hepliaklqana
Kikubaaqudgha
Nemelex Xobeh
Okawaru
Qazlal
Sif Muna
Trog
Uskayaw
Wu Jian
Yredelemnul
The Shining One


Innate Abilities, Weirdness & Mutations

You are a hulking beast.
Your limbs bulge with bestial killing power. (Slay +4)
You cannot wear most types of armour.
You are amphibious.
You can wear up to eight rings at the same time.
Your skin changes colour to match your surroundings (Stealth+).
Your rubbery body absorbs attacks. (AC +1, EV +1)
((You are camouflaged when in or above water. (Stealth+)))
You have tentacles for arms and can constrict up to eight enemies at once.


Message History

No reachable target in view!
Found a runed dagger.
A sleepcap comes into view.
The hound barks!
Something shouts, "Flee, thou odious weevil-witted yak-dropping!"
A shadow imp comes into view.
You barely miss the shadow imp. You grab the shadow imp.
You constrict the shadow imp. The shadow imp hits you.
You tentacle-slap the shadow imp.
The shadow imp is moderately wounded.
You constrict the shadow imp. The shadow imp misses you.
You bludgeon the shadow imp!
You kill the shadow imp!
You bludgeon the sleepcap! You grab the sleepcap.
The sleepcap is moderately damaged.
You constrict the sleepcap. The hound bites you. The sleepcap misses you.
The hound bites you.
You bludgeon the sleepcap! You squeeze the sleepcap!
The sleepcap is almost destroyed.
You constrict the sleepcap.
You destroy the sleepcap!
The hound closely misses you.
You bludgeon the hound! Your grab misses the hound.
Your squeeze misses the hound.
The hound is severely wounded.
The hound bites you. The hound barely misses you.
The wight hits you with a +4 great sword of freezing!
You feel drained. The wight freezes you!
You tentacle-slap the hound. Your grab misses the hound.
Your squeeze misses the hound.
The hound is almost dead.
The hound barely misses you.
You tentacle-slap the wight. Your grab misses the wight.
The wight is moderately damaged.
The hound closely misses you. The wight misses you. The hound bites you.
* * * LOW HITPOINT WARNING * * *
You bludgeon the hound!
You kill the hound!
The wight hits you with a +4 great sword of freezing!!
You die...

####################
o.o# ....# ....#
?..#.....#..Y..#
#..#..#..#..#..#
#zo#..#.h#..#..#
#.....#.....#..#
#z....#.Y... ..#
#################z.#
................h..#
...................#
#################..#
....#.)...# ....#..#
....#.....#.....#..#
##..#..#..#..#..#..#
#..#..#..#..#..#..#
#.....#.....#.....#


You could see a wight.

Vanquished Creatures
  Sigmund (D:3)
  A steam dragon (D:6)
  A water moccasin (D:5)
  3 black bears
  2 bullfrogs
  2 scorpions
  2 jellies (D:4)
  A hound (D:6)
  2 orc priests
  A sleepcap (D:6)
  2 orc wizards
  Robin (D:3)
  12 adders
  2 shadow imps (D:6)
  2 white imps
  A worm (D:3)
  4 dart slugs
  35 orcs
  12 endoplasms
  3 giant cockroaches
  19 goblins
  12 hobgoblins
  A jackal (D:3)
  4 quokkas
  10 ball pythons
  6 bats
  A frilled lizard (D:1)
  4 kobolds
  11 rats
158 creatures vanquished.

Notes
Turn   | Place    | Note
-------+----------+-------------------------------------------
     0 | D:1      | LeprechaunX the Octopode Shapeshifter began the quest for
                  | the Orb.
     0 | D:1      | Reached XP level 1. HP: 13/13 MP: 1/1
   117 | D:1      | Reached XP level 2. HP: 13/18 MP: 2/2
   386 | D:1      | Reached XP level 3. HP: 23/23 MP: 3/3
  1089 | D:2      | Reached XP level 4. HP: 29/29 MP: 4/4
  1243 | D:2      | Reached skill level 4 in Shapeshifting
  1495 | D:2      | Found a faded altar of an unknown god.
  1925 | D:3      | Noticed Sigmund
  1931 | D:3      | Killed Sigmund
  1932 | D:3      | Reached skill level 1 in Throwing
  1932 | D:3      | Reached XP level 5. HP: 35/36 MP: 5/5
  1932 | D:3      | Reached XP level 6. HP: 40/41 MP: 6/6
  2113 | D:3      | Reached skill level 5 in Shapeshifting
  2429 | D:3      | Noticed Robin
  2554 | D:3      | Killed Robin
  2733 | D:4      | Found a staircase to the Ecumenical Temple.
  2746 | D:4      | Reached XP level 7. HP: 43/46 MP: 7/7
  2748 | Temple   | Entered the Ecumenical Temple
  2768 | Temple   | Became a worshipper of Ashenzari the Shackled
  2835 | D:4      | Reached skill level 1 in Evocations
  3702 | D:5      | Entered Level 5 of the Dungeon
  4239 | D:5      | Reached skill level 1 in Spellcasting
  4239 | D:5      | Reached XP level 8. HP: 49/54 MP: 8/10
  4364 | D:5      | Found an iron altar of Okawaru.
  4537 | D:6      | Reached skill level 6 in Shapeshifting
  4551 | D:6      | Found a snail-covered altar of Cheibriados.
  4597 | D:6      | Reached skill level 5 in Unarmed Combat
  4978 | D:6      | Mangled by a wight

Illustrated notes

Levels and vault maps discovered:
D:1:      dpeg_arrival_three_same_balls, layout_loops_ring, dk_noncrumbling_4,
          minmay_tetromino_t4
D:2:      layout_loops_cross, shapermc_ecumenical_altar_mp_vishouse,
          chequers_serial_rivers_room_a, kennysheep_cluttered_room, minivault_23
D:3:      minmay_chambers_of_twos, layout_rooms, minmay_surrounded,
          uniq_sigmund, uniq_robin
D:4:      layout_loops_ring, minmay_temple_entry_antechambers, minmay_unequal
D:5:      layout_loops_ring, kennysheep_mini, patterned_corridor
D:6:      kennysheep_windowed_halls, layout_gridville, cheibriados_altar_1,
          mainiacjoe_overflow_concentric_impassable,
          chequers_temple_overflow_statue_of_worship
Temple:   nicolae_temple_two_arcs

Skill      XL: |  1  2  3  4  5  6  7  8 |
---------------+-------------------------+-----
Fighting       | 2 3 4 |  4.4
Shapeshifting  | 4 5 6 |  6.6
Throwing       | 1 2 3 |  3.0
Unarmed Combat | 4 5 |  5.3
Evocations     | 2 3 |  3.1
Spellcasting   | 1 2 |  2.1
Dodging        | |  2.0

Action                     |  1- 3 |  4- 6 |  7- 9 || total
---------------------------+-------+-------+-------++-------
  Melee: Unarmed           |    59 |   125 |   110 ||   294
         Constrict         |    14 |    31 |    33 ||    78
         Tentacles         |     5 |    26 |    33 ||    64
         Punch             |     5 |     3 |     3 ||    11
 Invoke: Curse Item        |       |       |     1 ||     1
   Stab: Sleeping          |     8 |     8 |     7 ||    23
 Armour: Skin              |    11 |    43 |    41 ||    95
  Dodge: Dodged            |    25 |    65 |    73 ||   163

Table legend: (Time is in decaauts)
 A = Elapsed time spent in this place.
 B = Non-inter-level travel time spent in this place.
 C = Inter-level travel time spent in this place.
 D = Time resting spent in this place.
 E = Time spent auto-exploring this place.
 F = Levels seen in this place.
 G = Mean time per level.
                   A        B        C        D        E       F      G
               +--------+--------+--------+--------+--------+-----+--------+
         Total |   4954 |   4687 |    267 |    210 |   3627 |   7 |  707.7 |
       Dungeon |   4924 |   4657 |    267 |    210 |   3627 |   6 |  820.7 |
        Temple |     29 |     29 |      0 |      0 |      0 |   1 |   29.0 |
               +--------+--------+--------+--------+--------+-----+--------+

Top non-repeatable levels by time:
     D:2: 1042 daAuts
     D:4: 939 daAuts
     D:1: 859 daAuts
     D:3: 813 daAuts
     D:5: 808 daAuts
     D:6: 461 daAuts
  Temple: 29 daAuts
